AoeStats
← DEADPOOL67

Arena

507496394Analyzed
2v2 RM · 13d ago on Sep 18, 2026· 44m 50s· 4 players
Game mode
Random Map
Map size
Medium (4 player)
Population
200
Speed
Normal
Resources
Standard
Victory
Conquest
Starting age
Dark Age
Ending age
Imperial Age
RankedLock teamsTeams togetherTeam positionsShared explorationLock speedFull tech treeHidden civsTurbo modeCheats
Victory
Defeat
🇷🇴 Goths · Romania
1009
+10
🇷🇴 Byzantines · Romania
819
+18
🇲🇦 Khmer · Morocco
878
-14
🇩🇪 Persians · Germany
866
-14
ek55
5:47 Loom
9:22 Feudal Age
9:47 Horse Collar
9:55 Double-Bit Axe
14:08 Wheelbarrow
13:18 Town Watch
16:17 Gold Mining
21:00 Castle Age
19:49 Fletching
20:12 Bloodlines
20:16 Scale Barding Armor
20:40 Padded Archer Armor
22:33 Husbandry
22:47 Forging
23:00 Chain Barding Armor
24:06 Bow Saw
24:46 Heavy Plow
27:20 Town Patrol
28:11 Hand Cart
33:50 Imperial Age
32:50 Iron Casting
32:11 Bodkin Arrow
32:33 Leather Archer Armor
31:57 Elite Skirmisher
32:34 Pikeman
33:15 Squires
34:13 Ballistics
36:08 Chemistry
35:45 Plate Barding Armor
34:34 Heavy Camel Rider
36:24 Gold Shaft Mining
35:56 Cavalier
43:27 Blast Furnace
mhherofficiel
11:33 Feudal Age
14:40 Castle Age
12:46 Double-Bit Axe
13:22 Stone Mining
13:51 Gold Mining
16:52 Wheelbarrow
16:32 Horse Collar
18:45 Loom
19:45 Bow Saw
26:31 Gold Shaft Mining
26:32 Stone Shaft Mining
26:02 Heavy Plow
27:40 Hand Cart
29:31 Light Cavalry
30:12 Husbandry
33:57 Bloodlines
38:34 Imperial Age
37:10 Scale Barding Armor
37:16 Forging
41:15 Chain Barding Armor
41:31 Iron Casting
40:21 Hussar
DEADPOOL67
11:29 Feudal Age
15:59 Castle Age
20:24 Loom
20:47 Town Watch
23:47 Wheelbarrow
24:22 Double-Bit Axe
24:32 Horse Collar
25:31 Stone Mining
25:32 Gold Mining
27:37 Hand Cart
27:22 Town Patrol
27:25 Heavy Plow
27:49 Squires
27:53 Padded Archer Armor
27:43 Fletching
27:55 Scale Mail Armor
28:05 Forging
29:01 Stone Shaft Mining
29:24 Chain Mail Armor
30:28 Iron Casting
30:31 Anarchy
30:10 Pikeman
34:47 Imperial Age
35:09 Elite Huskarl
35:50 Perfusion
35:56 Perfusion
36:42 Ballistics
38:29 Capped Ram
40:05 Conscription
41:11 Chemistry
Razvaldo
11:38 Feudal Age
16:32 Castle Age
14:41 Double-Bit Axe
17:44 Bow Saw
27:20 Wheelbarrow
29:08 Gold Mining
32:07 Imperial Age
31:00 Gold Shaft Mining
30:16 Horse Collar
31:19 Hand Cart
30:49 Loom
32:20 Stone Mining
32:07 Elite Skirmisher
32:51 Padded Archer Armor
32:41 Fletching
32:17 Pikeman
34:29 Chemistry
34:36 Two-Man Saw
34:48 Leather Archer Armor
34:28 Bodkin Arrow
34:48 Heavy Plow
37:21 Redemption
37:32 Block Printing
37:45 Illumination
38:44 Cavalier
39:24 Husbandry
38:44 Light Cavalry
39:57 Ring Archer Armor
39:33 Scale Barding Armor
39:38 Forging
39:56 Ballistics
39:17 Treadmill Crane
41:42 Crop Rotation
42:11 Bracer
42:00 Paladin
Connection lost

Rejoining the realm…

Still unreachable

The connection could not be restored.

Session expired

The server has moved on; the page needs a fresh start.